[Event "Titled Tuesday Blitz January 31 Late 2023"]
[White "Terletsky, Oleg"]
[Black "Osmonbekov, Talaibek"]
[WhiteFideId "14116774"]
[BlackFideId "2017253"]
[WhiteElo "2160"]
[BlackElo "2137"]
[Result "1-0"]
[Round "04"]
[TimeControl "180+2"]
[Date "2023.01.31"]
[WhiteClock "0:00:39"]
[BlackClock "0:00:01"]

1. e4 c5 2. Nf3 d6 3. d4 cxd4 4. Nxd4 Nf6 5. Nc3 g6 6. Bc4 Bg7 7. Be3 Ng4 8. Bb5+ Kf8 9. O-O a6 10. Bc4 Nc6 11. Nxc6 bxc6 12. Bg5 Qa5 13. Bh4 Qh5 14. Bg3 Be5 15. h3 Bxg3 16. fxg3 Qc5+ 17. Kh1 Nf2+ 18. Rxf2 Qxf2 19. Qd3 Qc5 20. Rf1 e6 21. Qf3 Ra7 22. Qf6 Qe5 23. Qd8+ Kg7 24. Qb6 Rb7 25. Qxc6 Rxb2 26. Bb3 Rf8 27. Na4 Rxb3 28. axb3 Qxg3 29. Nb6 Qe3 30. Nxc8 Qe2 31. Rf3 Qe1+ 32. Kh2 1-0


[Site "https://www.chess.com"]

[Event "Titled Tuesday Blitz January 31 Late 2023"]
[White "Bulgurlu, Okan"]
[Black "Kochetov, Andrey"]
[WhiteFideId "6352316"]
[BlackFideId "24130532"]
[WhiteElo "1908"]
[BlackElo "2165"]
[Result "1-0"]
[Round "04"]
[TimeControl "180+2"]
[Date "2023.01.31"]
[WhiteClock "0:00:10"]
[BlackClock "0:00:05"]

1. d4 d5 2. Nf3 Nf6 3. c4 c6 4. Nc3 e6 5. Bg5 Nbd7 6. e3 Qa5 7. Nd2 Bb4 8. Rc1 Bxc3 9. Rxc3 Qxa2 10. b4 a5 11. b5 Nb6 12. c5 Na4 13. Rc2 Qa3 14. Be2 Nc3 15. Rxc3 Qxc3 16. O-O a4 17. Nb1 Qb2 18. Qc1 a3 19. Qxb2 axb2 20. Bd3 Nd7 21. Bf4 f6 22. Bd6 Kf7 23. f4 b6 24. bxc6 Nb8 25. c7 Nd7 26. c6 Ra1 27. cxd7 Bxd7 28. Rf2 Rha8 29. Rxb2 b5 30. Kf2 R8a2 31. Rxa2 Rxa2+ 32. Ke1 Ra8 33. Nc3 b4 34. Nb5 Rc8 35. Na7 b3 36. Nxc8 Bxc8 37. Kd2 Ke8 38. Bb5+ Kf7 39. Kc3 g6 40. Kxb3 Kg7 41. Kb4 Kf7 42. Kc5 Kg7 43. Kb6 Kf7 44. Ka7 1-0


[Site "https://www.chess.com"]

[Event "Titled Tuesday Blitz January 31 Late 2023"]
[White "Fajdetic, Hrvoje"]
[Black "Senthilkumar, Pranav"]
[WhiteFideId "14501945"]
[BlackFideId "2083477"]
[WhiteElo "2151"]
[BlackElo "1854"]
[Result "0-1"]
[Round "04"]
[TimeControl "180+2"]
[Date "2023.01.31"]
[WhiteClock "0:00:01"]
[BlackClock "0:00:18"]

1. f4 d5 2. Nf3 c5 3. e3 Nf6 4. Be2 g6 5. O-O Bg7 6. d3 O-O 7. Qe1 Nc6 8. Qh4 Rb8 9. Ne5 Qc7 10. Nxc6 Qxc6 11. Bf3 Qd6 12. Nc3 b5 13. e4 dxe4 14. dxe4 b4 15. Rd1 Qb6 16. Nd5 Nxd5 17. exd5 Bf5 18. Qxe7 Bxc2 19. Re1 c4+ 20. Be3 Bd4 21. Bxd4 Qxd4+ 22. Qe3 Qxb2 23. Qf2 c3 24. h4 Bf5 25. Qd4 Qc2 26. h5 gxh5 27. Qf6 Bg6 28. Re5 Qb2 29. Rae1 c2 30. f5 c1=Q 31. fxg6 Qxe1+ 32. Rxe1 Qxf6 0-1


[Site "https://www.chess.com"]

[Event "Titled Tuesday Blitz January 31 Late 2023"]
[White "Zampronha, Wladimir Camilo"]
[Black "Matko, Ognjen"]
[WhiteFideId "2103087"]
[BlackFideId "14509717"]
[WhiteElo "2176"]
[BlackElo "2295"]
[Result "0-1"]
[Round "04"]
[TimeControl "180+2"]
[Date "2023.01.31"]
[WhiteClock "0:00:30"]
[BlackClock "0:00:26"]

1. e4 e5 2. Nf3 Nc6 3. d4 exd4 4. Nxd4 Nf6 5. Nxc6 bxc6 6. e5 Nd5 7. c4 Nb6 8. Nc3 Bb4 9. Qg4 g6 10. Bg5 Be7 11. Ne4 Bxg5 12. Nxg5 Qe7 13. O-O-O Qxe5 14. Nf3 Qf6 15. Re1+ Kf8 16. Qg3 d6 17. h4 Na4 18. Re2 Bf5 19. Rd2 Nxb2 20. Nd4 Na4 21. Qg5 Qe5 22. Be2 Rb8 23. Qh6+ Kg8 0-1


[Site "https://www.chess.com"]

[Event "Titled Tuesday Blitz January 31 Late 2023"]
[White "Gasparyan, David"]
[Black "EdmundPlayer"]
[WhiteFideId "13311980"]
[WhiteElo "2142"]
[BlackElo "2313"]
[Result "0-1"]
[Round "04"]
[TimeControl "180+2"]
[Date "2023.01.31"]
[WhiteClock "0:00:42"]
[BlackClock "0:00:08"]

1. e4 c6 2. Nf3 d5 3. Nc3 Bg4 4. d3 e6 5. h3 Bxf3 6. Qxf3 Nf6 7. Bf4 Bb4 8. a3 Bxc3+ 9. bxc3 dxe4 10. dxe4 O-O 11. Bd3 Qa5 12. O-O e5 13. Bg5 Nbd7 14. Rab1 b6 15. Bc4 Qxa3 16. Rfd1 h6 17. Bc1 Qe7 18. Ra1 a5 19. Ba3 Nc5 20. Rdb1 Rfb8 21. Qe3 Nfd7 22. Rb2 a4 23. Rab1 b5 24. Ba2 Rd8 25. c4 bxc4 26. Bxc4 Qd6 27. Kh2 Qd4 28. Qxd4 exd4 29. f4 Nxe4 30. Rd1 c5 31. Bd5 Nc3 32. Bxa8 Nxd1 33. Rb7 Rxa8 34. Rxd7 Ne3 35. Bxc5 a3 36. Bxd4 a2 37. Rc7 a1=Q 38. Bxa1 Rxa1 39. c4 Rc1 40. c5 Nd5 41. Rc8+ Kh7 42. Kg3 Kg6 43. Rc6+ Kf5 44. Rc8 Nxf4 45. Rf8 Rc3+ 46. Kf2 Ke6 47. Re8+ Kd7 48. Re4 Ne6 49. c6+ Rxc6 50. Ra4 Ke7 51. Re4 Rc7 52. g4 f6 53. Kg3 Kf7 54. Re3 Ng5 55. Rd3 Re7 56. Rd6 Ne4+ 57. Kf4 Nxd6 58. h4 Re4+ 59. Kg3 Rd4 60. h5 Ke6 61. Kh4 Nf5+ 62. Kh3 Rd3+ 63. Kh2 Nh4 64. g5 fxg5 65. Kg1 Kf5 66. Kf2 Kf4 67. Ke2 Ke4 68. Kf2 g4 69. Kg1 g3 70. Kf1 g2+ 71. Ke2 Re3+ 72. Kd2 g1=Q 73. Kc2 Qf2+ 74. Kb1 Re1# 0-1


[Site "https://www.chess.com"]

[Event "Titled Tuesday Blitz January 31 Late 2023"]
[White "Papayan, Oleg"]
[Black "Yanayt, Eugene"]
[WhiteFideId "4193911"]
[BlackFideId "2020165"]
[WhiteElo "2253"]
[BlackElo "2004"]
[Result "1-0"]
[Round "04"]
[TimeControl "180+2"]
[Date "2023.01.31"]
[WhiteClock "0:00:07"]
[BlackClock "0:00:10"]

1. e4 c5 2. Nf3 d6 3. d4 cxd4 4. Qxd4 a6 5. Nc3 Nf6 6. Bg5 Nc6 7. Qd2 Nd7 8. O-O-O g6 9. h4 h5 10. Bc4 Bg7 11. Rhe1 Rb8 12. Kb1 O-O 13. Bh6 b5 14. Bd5 Nce5 15. Bxg7 Kxg7 16. Nd4 Nb6 17. Nc6 Nxc6 18. Bxc6 b4 19. Qd4+ f6 20. Qxb4 Nd7 21. Qd4 Ne5 22. Bd5 Bb7 23. f4 Nd7 24. Rh1 Nc5 25. g4 e6 26. Bb3 Nxb3 27. axb3 Qa5 28. gxh5 Qxh5 29. Qxd6 Rbe8 30. Qc7+ Rf7 31. Rd7 g5 32. Qxb7 gxf4 33. Rg1+ Kf8 34. Qb4+ Ree7 35. Rd8# 1-0


[Site "https://www.chess.com"]

[Event "Titled Tuesday Blitz January 31 Late 2023"]
[White "Kohler, Aran"]
[Black "Mortazavi, Ali"]
[WhiteFideId "1002856"]
[BlackFideId "401323"]
[WhiteElo "2010"]
[BlackElo "2333"]
[Result "0-1"]
[Round "04"]
[TimeControl "180+2"]
[Date "2023.01.31"]
[WhiteClock "0:00:06"]
[BlackClock "0:00:09"]

1. Nf3 Nf6 2. d4 g6 3. Bg5 Bg7 4. Nbd2 O-O 5. e3 d6 6. Bd3 c5 7. c3 Be6 8. h4 Qb6 9. h5 Qxb2 10. hxg6 fxg6 11. Rc1 cxd4 12. cxd4 Qxa2 13. Ra1 Qb2 14. Rb1 Qc3 15. Bxf6 Bxf6 16. Ke2 d5 17. Rxb7 Qc8 18. Qb1 Nc6 19. Bxg6 h6 20. Bh7+ Kh8 21. Rxh6 Bg7 22. Rh1 Rf6 23. Ng5 Bh6 24. Ndf3 Rb8 25. Rxb8 Qxb8 26. Qc2 Qb5+ 27. Bd3 Nb4 28. Qb1 Qxd3+ 29. Qxd3 Nxd3 30. Kxd3 Bf5+ 31. Kd2 Kg7 32. Ra1 a6 33. Ra5 Rc6 34. Kd1 Kf6 35. Nh3 e6 36. Nhg1 Bf8 37. Ne2 Rb6 38. Nc3 Bb4 39. Nxd5+ exd5 40. Rxd5 a5 41. Nd2 a4 42. Nc4 Rc6 0-1


[Site "https://www.chess.com"]

[Event "Titled Tuesday Blitz January 31 Late 2023"]
[White "Olsson, William"]
[Black "Bochnicka, Vladimir"]
[WhiteFideId "1741721"]
[BlackFideId "14943450"]
[WhiteElo "2355"]
[BlackElo "2327"]
[Result "1-0"]
[Round "04"]
[TimeControl "180+2"]
[Date "2023.01.31"]
[WhiteClock "0:00:21"]
[BlackClock "0:00:24"]

1. c4 e5 2. g3 c6 3. Nf3 e4 4. Nd4 d5 5. cxd5 cxd5 6. d3 Nf6 7. Bg2 Bc5 8. Nb3 Bb6 9. Nc3 Bf5 10. O-O O-O 11. Bg5 exd3 12. exd3 Be6 13. Qf3 Nbd7 14. d4 h6 15. Bf4 Rc8 16. Na4 Re8 17. Qd3 Rc4 18. Nxb6 Qxb6 19. Rfe1 Rec8 20. Be5 Nxe5 21. dxe5 Ne4 22. Bxe4 dxe4 23. Rxe4 Rd8 24. Qe2 Rxe4 25. Qxe4 Bxb3 26. axb3 Qxb3 27. Rxa7 Qxb2 28. Rxb7 Re8 29. Rxb2 1-0


[Site "https://www.chess.com"]

[Event "Titled Tuesday Blitz January 31 Late 2023"]
[White "Drnovsek, Gal"]
[Black "Gutkin, Ilya"]
[WhiteFideId "14607077"]
[BlackFideId "16203470"]
[WhiteElo "2397"]
[BlackElo "2273"]
[Result "0-1"]
[Round "04"]
[TimeControl "180+2"]
[Date "2023.01.31"]
[WhiteClock "0:00:18"]
[BlackClock "0:00:10"]

1. e4 c5 2. c3 e6 3. d4 d5 4. exd5 exd5 5. Nf3 Nf6 6. Bb5+ Nc6 7. O-O Be7 8. dxc5 Bxc5 9. Nbd2 O-O 10. Nb3 Bb6 11. Re1 Bg4 12. Be3 Re8 13. Bxb6 Qxb6 14. Rxe8+ Rxe8 15. Bd3 Ne5 16. Be2 Ne4 17. Nbd4 Qxb2 18. Rb1 Qxa2 19. Nxe5 Nxc3 20. Ra1 Nxd1 21. Rxa2 Rxe5 22. f3 Nc3 23. Rxa7 Nxe2+ 24. Nxe2 Bc8 25. Ra8 Re8 26. Nd4 Bd7 27. Ra7 Bc6 28. Kf2 g6 29. g4 Kg7 30. h3 Kf6 31. Ra1 Re7 32. Rb1 Ke5 33. Rb4 Kd6 34. g5 Kc5 35. Nc2 b5 36. Rb1 d4 37. Rc1 d3 38. Ne3+ Kb6 39. Rc3 Rd7 40. Ke1 d2+ 41. Ke2 b4 42. Rc4 Bb5 43. Kf2 Bxc4 44. Kg3 d1=Q 45. Nxd1 Rxd1 46. Kf4 b3 47. Ke5 b2 48. f4 b1=Q 49. Kf6 Qf5+ 50. Kg7 f6 51. h4 Rd7+ 52. Kh6 fxg5 53. hxg5 Qh3# 0-1


[Site "https://www.chess.com"]

[Event "Titled Tuesday Blitz January 31 Late 2023"]
[White "Antonio, Jorge Carlos"]
[Black "Hajiyev, Kanan"]
[WhiteFideId "113190"]
[BlackFideId "13404148"]
[WhiteElo "2277"]
[BlackElo "2197"]
[Result "1-0"]
[Round "04"]
[TimeControl "180+2"]
[Date "2023.01.31"]
[WhiteClock "0:00:06"]
[BlackClock "0:00:21"]

1. d4 Nf6 2. Nf3 d5 3. Bf4 c5 4. e3 cxd4 5. exd4 Nc6 6. c3 Bg4 7. Bd3 e6 8. Nbd2 Bd6 9. Bxd6 Qxd6 10. Qb3 O-O 11. O-O Rab8 12. Rfe1 Qc7 13. Ne5 Nxe5 14. Rxe5 Bh5 15. Rae1 Bg6 16. Bxg6 hxg6 17. R5e3 Qf4 18. Nf3 Ng4 19. R3e2 b5 20. h3 Nh6 21. a3 Nf5 22. Ne5 Rb7 23. Qb4 Rd8 24. Qc5 Nd6 25. Qc6 Qf6 26. Re3 Qe7 27. Rf3 Rc8 28. Qa6 Rb6 29. Qa5 Nc4 30. Qb4 Qxb4 31. axb4 Rb7 32. Ra1 Nxb2 33. Ra6 Nc4 34. Nxc4 Rxc4 35. Kf1 Rbc7 36. Ra3 f6 37. Ke1 Kf7 38. Kd2 Ke7 39. Rg3 g5 40. h4 gxh4 41. Rxg7+ Kd6 42. Rg6 f5 43. Rh6 Rg7 44. Rxh4 Rxg2 45. Ke2 Rg7 46. Rh6 Rc6 47. Kd2 Rgc7 48. f4 Ke7 49. Ra5 a6 50. Ra3 Kf7 51. Rh3 Kf6 52. Rg3 Rg7 53. Rxg7 Kxg7 54. Ra1 Kg6 55. Rg1+ Kf6 56. Rh1 Rc7 57. Rh6+ Kg7 58. Rxe6 Kf7 59. Rxa6 Rb7 60. Rd6 Ra7 61. Rxd5 Ra2+ 62. Kd3 Ke6 63. Re5+ Kf6 64. Rxb5 Rf2 65. Rb6+ Kg7 66. c4 Rxf4 67. c5 Rf3+ 68. Kc4 Rf1 69. Rd6 Rc1+ 70. Kd5 Kf7 71. b5 Ke7 72. b6 Rb1 73. Re6+ Kd7 74. Rf6 Ke7 75. Rxf5 Rb2 76. Re5+ Kd7 77. c6+ Kd8 78. Kd6 Rxb6 79. d5 Rb1 80. Rg5 Ke8 81. Rg8+ Kf7 82. c7 Rc1 83. c8=Q Rxc8 84. Rxc8 Kf6 85. Re8 Kf5 86. Kc7 Kf4 87. d6 Kf5 88. d7 Kf6 89. d8=Q+ Kf7 90. Qd7+ Kg6 91. Qe7 Kf5 92. Rf8+ Kg6 93. Qf7+ Kh6 94. Qg8 Kh5 95. Rf7 Kh4 96. Rh7# 1-0


[Site "https://www.chess.com"]

[Event "Titled Tuesday Blitz January 31 Late 2023"]
[White "Slater-Jones, Henry"]
[Black "Vovk, Orest"]
[WhiteFideId "3222101"]
[BlackFideId "14113490"]
[WhiteElo "1826"]
[BlackElo "2315"]
[Result "0-1"]
[Round "04"]
[TimeControl "180+2"]
[Date "2023.01.31"]
[WhiteClock "0:01:11"]
[BlackClock "0:01:11"]

1. d4 e5 2. dxe5 Nc6 3. e4 Nxe5 4. f4 Nc6 5. Be3 Bb4+ 6. c3 Ba5 7. Bc4 Nf6 8. Nd2 O-O 9. Ngf3 d5 10. exd5 Re8 11. dxc6 Rxe3+ 12. Kf1 bxc6 13. Nb3 Qxd1+ 14. Rxd1 Bb6 15. Ne5 Bg4 16. Bxf7+ Kf8 17. Nxg4 Nxg4 18. Bc4 Re4 19. Nd2 Rxf4+ 20. Ke2 Re8+ 21. Kd3 Ne5+ 22. Kc2 Nxc4 23. Nxc4 Rxc4 24. Rhf1+ Kg8 25. Rd7 Rg4 26. g3 h6 27. Rff7 Re2+ 28. Kd3 Rxh2 0-1


[Site "https://www.chess.com"]

[Event "Titled Tuesday Blitz January 31 Late 2023"]
[White "ritanovikova"]
[Black "Estrada Nieto, Julian"]
[BlackFideId "5101018"]
[WhiteElo "2217"]
[BlackElo "2215"]
[Result "1-0"]
[Round "04"]
[TimeControl "180+2"]
[Date "2023.01.31"]
[WhiteClock "0:00:19"]
[BlackClock "0:00:11"]

1. e4 e5 2. Nf3 Nc6 3. Bc4 Bc5 4. c3 Nf6 5. d4 exd4 6. cxd4 Bb4+ 7. Bd2 Bxd2+ 8. Nbxd2 d5 9. exd5 Nxd5 10. O-O O-O 11. Rc1 Bg4 12. h3 Bh5 13. Qb3 Na5 14. Qc2 Nxc4 15. Qxc4 c6 16. Ne5 Qb6 17. Nd7 Qxb2 18. Nxf8 Qxd2 19. Nd7 Be2 20. Qb3 Bxf1 21. Qxb7 Re8 22. Rxf1 Qxd4 23. Qxc6 h6 24. Nb6 Nf6 25. Nc4 Re6 26. Qc8+ Kh7 27. Ne3 Qe4 28. Qc7 Re7 29. Qc5 a6 30. Qa5 Qe6 31. Rb1 Ne4 32. Qf5+ Qxf5 33. Nxf5 Rc7 34. f3 Nc3 35. Rb6 a5 36. a3 Ne2+ 37. Kf2 Rc2 38. Ke3 Nc3 39. Ra6 Nd1+ 40. Kf4 Rxg2 41. Rxa5 g5+ 42. Ke5 Nf2 43. Kf6 Nxh3 44. Kxf7 Nf4 45. Ra6 Nd5 46. Rxh6# 1-0


[Site "https://www.chess.com"]

[Event "Titled Tuesday Blitz January 31 Late 2023"]
[White "Sailer, Mike"]
[Black "Davidson, Kevin"]
[WhiteFideId "2012901"]
[BlackFideId "2056810"]
[WhiteElo "2109"]
[BlackElo "2154"]
[Result "0-1"]
[Round "04"]
[TimeControl "180+2"]
[Date "2023.01.31"]
[WhiteClock "0:00:07"]
[BlackClock "0:00:03"]

1. d4 Nf6 2. Nf3 g6 3. Bf4 Bg7 4. e3 d6 5. Be2 O-O 6. O-O Nfd7 7. h3 h6 8. c4 e5 9. Bh2 Nc6 10. Nc3 f5 11. Rb1 g5 12. b4 f4 13. dxe5 dxe5 14. exf4 exf4 15. Nd5 Nce5 16. Nd4 Nf6 17. Nxf6+ Qxf6 18. Nf3 Bf5 19. Rc1 Rfd8 20. Qb3 Nxf3+ 21. Bxf3 Rd3 22. Qa4 c6 23. Bg4 Bxg4 24. hxg4 f3 25. Rfd1 Rxd1+ 26. Rxd1 fxg2 27. Kxg2 Rf8 28. Qc2 Qf3+ 29. Kg1 Qxg4+ 30. Bg3 Be5 31. Qd3 Bg7 32. Kh2 Qf5 33. Qxf5 Rxf5 34. Rd7 Rf7 35. Rd8+ Kh7 36. Kg2 Kg6 37. Rd6+ Rf6 38. Rd7 Rf7 39. Rd6+ Kf5 40. b5 cxb5 41. cxb5 h5 42. Rd8 Be5 43. Bxe5 Kxe5 44. Rc8 Kd5 45. Rg8 g4 46. Rg5+ Kc4 47. Rxh5 Rg7 48. Rf5 Kb4 49. Re5 Ka3 50. Re2 Ka4 51. Re4+ Ka3 52. Re2 Rg5 53. Re3+ Kxa2 54. Re2+ Ka3 55. Re1 Kb4 56. Rb1+ Ka5 57. Ra1+ Kb6 58. Ra4 Rxb5 59. Rxg4 a5 60. Rg6+ Ka7 61. f4 a4 62. Rg3 Ra5 63. Ra3 b5 64. f5 b4 65. f6 bxa3 66. f7 Rf5 0-1


[Site "https://www.chess.com"]

[Event "Titled Tuesday Blitz January 31 Late 2023"]
[White "Aguilar, Juan"]
[Black "Acosta Cruz, Oscar Yosimar"]
[WhiteFideId "3800091"]
[BlackFideId "5111269"]
[WhiteElo "2254"]
[BlackElo "2098"]
[Result "0-1"]
[Round "04"]
[TimeControl "180+2"]
[Date "2023.01.31"]
[WhiteClock "0:00:03"]
[BlackClock "0:00:12"]

1. Nf3 g6 2. g3 Bg7 3. Bg2 Nf6 4. O-O O-O 5. d3 d6 6. c4 c5 7. Nc3 a6 8. a3 Nc6 9. Rb1 Rb8 10. b4 cxb4 11. axb4 b5 12. cxb5 axb5 13. Be3 Bd7 14. h3 h6 15. Qd2 Kh7 16. d4 Bf5 17. Rb2 Ne4 18. Nxe4 Bxe4 19. Rc1 Qd7 20. Ne1 Bxg2 21. Kxg2 Rfc8 22. Rbc2 Na7 23. d5 Rxc2 24. Nxc2 Rc8 25. Nd4 Rxc1 26. Qxc1 Qb7 27. Nc6 Nc8 28. Bd2 Nb6 29. e4 Nc4 30. Bc3 e5 31. Qa1 f5 32. exf5 gxf5 33. Qb1 Qf7 34. g4 Qxd5+ 35. Kg1 Qxc6 36. Qxf5+ Kg8 37. Qe6+ Kh8 38. h4 Qf3 39. Be1 Qe4 40. Qc8+ Kh7 41. Bc3 d5 42. g5 hxg5 43. hxg5 d4 44. Qh3+ Kg8 45. Qc8+ Bf8 46. Qe6+ Kh8 47. Qf6+ Bg7 48. Qd8+ Kh7 49. g6+ Qxg6+ 0-1


[Site "https://www.chess.com"]

[Event "Titled Tuesday Blitz January 31 Late 2023"]
[White "QuiesPrecatio"]
[Black "Ortez, Andrea"]
[BlackFideId "6702392"]
[WhiteElo "2426"]
[BlackElo "1961"]
[Result "1-0"]
[Round "04"]
[TimeControl "180+2"]
[Date "2023.01.31"]
[WhiteClock "0:01:32"]
[BlackClock "0:00:18"]

1. d4 d5 2. c4 e6 3. Nc3 Nf6 4. cxd5 exd5 5. Bg5 c6 6. e3 Be7 7. Bd3 h6 8. Bh4 O-O 9. Qc2 Re8 10. Nf3 Ne4 11. Bxe4 dxe4 12. Qxe4 Bxh4 13. Qxh4 Qb6 14. O-O Qxb2 15. Rfc1 Qb4 16. Rab1 Qa5 17. Ne5 c5 18. Qf4 Be6 19. d5 1-0


[Site "https://www.chess.com"]

[Event "Titled Tuesday Blitz January 31 Late 2023"]
[White "Lopez Del Alamo, Antonio"]
[Black "Desideri, Ricardo Maruchi"]
[WhiteFideId "2227339"]
[BlackFideId "2110440"]
[WhiteElo "2280"]
[BlackElo "1959"]
[Result "1-0"]
[Round "04"]
[TimeControl "180+2"]
[Date "2023.01.31"]
[WhiteClock "0:01:06"]
[BlackClock "0:00:41"]

1. e4 c5 2. Nf3 d6 3. d4 cxd4 4. Nxd4 Nf6 5. Nc3 a6 6. Be2 e6 7. O-O b5 8. Bf3 Ra7 9. Be3 Rc7 10. a3 Nbd7 11. g3 Bb7 12. Bg2 Be7 13. f4 Qc8 14. h3 O-O 15. Qd3 Nc5 16. Qe2 Ncxe4 17. Nxe4 Nxe4 18. Bxe4 Bxe4 19. c3 e5 20. Nf3 Qxh3 21. Bf2 Bxf3 22. Qxf3 exf4 23. Qxf4 Rc4 24. Qf3 Bf6 25. Be3 Rg4 26. Bf4 Be5 27. Bxe5 dxe5 28. Kf2 Rd8 29. Rad1 Qh2+ 30. Ke3 Qh6+ 31. Ke2 Qh2+ 32. Rf2 1-0


[Site "https://www.chess.com"]

[Event "Titled Tuesday Blitz January 31 Late 2023"]
[White "Hartikainen, Jarmo"]
[Black "Hernandez Sanchez, Elvis De La Caridad"]
[WhiteFideId "503134"]
[BlackFideId "6400353"]
[WhiteElo "2108"]
[BlackElo "2243"]
[Result "0-1"]
[Round "04"]
[TimeControl "180+2"]
[Date "2023.01.31"]
[WhiteClock "0:00:17"]
[BlackClock "0:00:29"]

1. e4 c5 2. c3 d5 3. exd5 Qxd5 4. d4 Nc6 5. Nf3 Nf6 6. Na3 cxd4 7. Nb5 Qd8 8. Nbxd4 Nxd4 9. Qxd4 Qxd4 10. Nxd4 a6 11. Bd3 e5 12. Nb3 Bd6 13. O-O O-O 14. Be3 e4 15. Bc2 Bg4 16. Rfe1 Rfe8 17. Bc5 Be5 18. Bd4 Rad8 19. Bxe5 Rxe5 20. f3 Bf5 21. Nd4 Bg6 22. Re2 e3 23. Rae1 Nd5 24. Bxg6 hxg6 25. Nc2 Nf4 26. Rxe3 Rxe3 27. Rxe3 Rd2 28. Nb4 Rxg2+ 29. Kf1 Rxb2 30. Re7 b5 31. Nxa6 Rxa2 32. Nc7 Rb2 33. Re8+ Kh7 34. Re5 b4 35. cxb4 Rxb4 36. Nd5 Rb1+ 0-1


[Site "https://www.chess.com"]

[Event "Titled Tuesday Blitz January 31 Late 2023"]
[White "Aarav Dengla"]
[Black "Gerbelli Neto, Eduardo"]
[WhiteFideId "45059756"]
[BlackFideId "2103281"]
[WhiteElo "2343"]
[BlackElo "2114"]
[Result "0-1"]
[Round "04"]
[TimeControl "180+2"]
[Date "2023.01.31"]
[WhiteClock "0:00:06"]
[BlackClock "0:00:17"]

1. e4 e5 2. Nf3 Nc6 3. Bb5 a6 4. Ba4 d6 5. c3 f5 6. d3 Be7 7. O-O Nf6 8. exf5 Bxf5 9. d4 e4 10. d5 exf3 11. Qxf3 Be4 12. Qg3 Bxd5 13. Be3 O-O 14. Nd2 Ne4 15. Nxe4 Bxe4 16. Rad1 Bh4 17. Qg4 Bf5 18. Qc4+ Kh8 19. Bxc6 bxc6 20. Qxc6 Qe7 21. Rde1 Be4 22. Qc4 d5 23. Qe2 Qf7 24. Rd1 c6 25. f3 Bg6 26. Bc5 Rfe8 27. Qd2 Be7 28. Bf2 Rab8 29. b3 Bf6 30. Bg3 Rbd8 31. Bc7 Rd7 32. Bb6 Rde7 33. Rf2 Qe6 34. Bc5 Rd7 35. Kf1 h6 36. g3 Qh3+ 37. Kg1 Rf7 38. Re1 Rxe1+ 39. Qxe1 Kh7 40. Re2 Qd7 41. Qd2 Bg5 42. f4 Bd8 43. Qd4 Be4 44. c4 Bf6 45. Qd2 Qg4 46. cxd5 cxd5 47. Rf2 Rc7 48. b4 a5 49. a3 axb4 50. axb4 Rc8 51. Qa2 Rxc5 52. bxc5 Qd1+ 0-1


[Site "https://www.chess.com"]

[Event "Titled Tuesday Blitz January 31 Late 2023"]
[White "Poeta, Caio Medeiros"]
[Black "Szyszylo, Rafal"]
[WhiteFideId "2142660"]
[BlackFideId "1109626"]
[WhiteElo "2088"]
[BlackElo "2091"]
[Result "0-1"]
[Round "04"]
[TimeControl "180+2"]
[Date "2023.01.31"]
[WhiteClock "0:00:40"]
[BlackClock "0:00:14"]

1. d4 g6 2. c4 Nf6 3. Nc3 d6 4. e4 Bg7 5. f3 Nfd7 6. Be3 e5 7. Nge2 Bh6 8. Bf2 O-O 9. g3 Nc6 10. Bg2 Bg7 11. O-O Re8 12. d5 Ne7 13. b4 a5 14. a3 b6 15. Rc1 axb4 16. axb4 Bh6 17. Rc2 f5 18. c5 Nf6 19. cxd6 cxd6 20. Nb5 fxe4 21. fxe4 Rf8 22. Nc7 Rb8 23. h3 Rf7 24. Nb5 Ba6 25. Nbc3 Bc4 26. Rb2 b5 27. Kh2 Nh5 28. Ba7 Ra8 29. Rxf7 Kxf7 30. Bg1 Ng8 31. Rb1 Kg7 32. Ra1 Ngf6 33. g4 Nf4 34. Nxf4 Bxf4+ 35. Kh1 g5 36. Bf1 Rxa1 37. Qxa1 h5 38. gxh5 Nxh5 39. Nxb5 Ng3+ 40. Kg2 Bxf1+ 41. Kf3 Qh8 42. Qa7+ Kg6 43. Nxd6 Qh5+ 44. Kf2 Qe2# 0-1


[Site "https://www.chess.com"]

[Event "Titled Tuesday Blitz January 31 Late 2023"]
[White "Bernat, David"]
[Black "Kaplan, Avi Harrison"]
[WhiteFideId "2099225"]
[BlackFideId "30934559"]
[WhiteElo "1862"]
[BlackElo "2146"]
[Result "0-1"]
[Round "04"]
[TimeControl "180+2"]
[Date "2023.01.31"]
[WhiteClock "0:00:04"]
[BlackClock "0:00:04"]

1. c4 Nf6 2. Nc3 g6 3. e4 d6 4. g3 Bg7 5. Bg2 O-O 6. Nge2 c5 7. O-O Nc6 8. d3 Bg4 9. h3 Bxe2 10. Nxe2 e5 11. f4 a6 12. f5 b5 13. g4 h6 14. g5 hxg5 15. Bxg5 Qc7 16. Qe1 Nh7 17. Be3 Nd4 18. Nc3 bxc4 19. Nd5 Qb7 20. f6 cxd3 21. Qh4 Qxb2 22. Bh6 Ne6 23. fxg7 Nxg7 24. Ne7+ Kh8 25. Rab1 Qxa2 26. Rb7 Qe6 27. Bxg7+ Kxg7 28. Nd5 Qc8 29. Re7 Rb8 30. Qf2 Rb7 31. Qxf7+ Rxf7 32. Rfxf7+ Kh6 33. Rxh7+ Kg5 34. h4+ Kg4 35. Rxb7 d2 36. Rb1 c4 37. Kh2 c3 38. Bh3+ Kf3 39. Bxc8 c2 40. Rf7+ Kxe4 41. Nc3+ Kd4 42. Ne2+ Ke3 43. Rg1 d1=Q 44. Bxa6 Qd5 0-1


[Site "https://www.chess.com"]

[Event "Titled Tuesday Blitz January 31 Late 2023"]
[White "Urbina Quiroz, Edwin"]
[Black "SilverCityIndigo"]
[WhiteFideId "6500650"]
[WhiteElo "2129"]
[BlackElo "2443"]
[Result "0-1"]
[Round "04"]
[TimeControl "180+2"]
[Date "2023.01.31"]
[WhiteClock "0:02:32"]
[BlackClock "0:02:25"]

1. e4 g6 2. h4 h5 3. d4 Bg7 4. Nc3 d6 5. Be3 Nc6 6. f3 e5 7. d5 Nce7 8. Qd2 f5 9. exf5 Nxf5 10. Bg5 Nf6 11. Bb5+ Bd7 12. Bxd7+ Qxd7 13. O-O-O O-O-O 14. Nge2 Rde8 15. Kb1 e4 16. Bxf6 e3 17. Qd3 Bxf6 18. Ne4 Be5 19. g4 hxg4 20. fxg4 Nxh4 21. Qxe3 Qxg4 22. N2c3 Bxc3 23. Nxc3 Rxe3 0-1


[Site "https://www.chess.com"]

[Event "Titled Tuesday Blitz January 31 Late 2023"]
[White "Baches Garcia, Guillermo"]
[Black "Corredor Castellanos, Camilo"]
[WhiteFideId "2209764"]
[BlackFideId "4425871"]
[WhiteElo "2327"]
[BlackElo "1957"]
[Result "1-0"]
[Round "04"]
[TimeControl "180+2"]
[Date "2023.01.31"]
[WhiteClock "0:00:28"]
[BlackClock "0:00:08"]

1. e4 c5 2. Nf3 d6 3. d4 cxd4 4. Nxd4 Nf6 5. Nc3 a6 6. Be3 Ng4 7. Bc1 Nf6 8. Bd3 Nbd7 9. Be3 b5 10. f3 Bb7 11. a4 b4 12. Na2 e5 13. Nb3 d5 14. exd5 Bxd5 15. c3 Bxb3 16. Qxb3 Nc5 17. Bxc5 Qxd3 18. Qxb4 Bxc5 19. Qxc5 Rd8 20. Nb4 Qd2+ 21. Kf1 e4 22. Nc6 Nd5 23. Re1 e3 24. Re2 Qd1+ 25. Re1 Qd3+ 26. Re2 Rc8 27. c4 Rxc6 28. Qxc6+ Kf8 29. Qxd5 Qb1+ 30. Re1 1-0


[Site "https://www.chess.com"]

[Event "Titled Tuesday Blitz January 31 Late 2023"]
[White "Papp, Petra"]
[Black "Kaufman, Lawrence"]
[WhiteFideId "739049"]
[BlackFideId "2000555"]
[WhiteElo "2343"]
[BlackElo "2188"]
[Result "1-0"]
[Round "04"]
[TimeControl "180+2"]
[Date "2023.01.31"]
[WhiteClock "0:00:29"]
[BlackClock "0:00:01"]

1. e4 e5 2. Nf3 Nf6 3. Nxe5 d6 4. Nf3 Nxe4 5. Nc3 Nxc3 6. dxc3 Be7 7. Be3 Nd7 8. Bd3 Ne5 9. Nxe5 dxe5 10. Qe2 Be6 11. O-O-O Qc8 12. Kb1 O-O 13. h4 Bf5 14. Bg5 Bxd3 15. Rxd3 Qe6 16. Rhd1 f6 17. Bc1 Rad8 18. g4 Rxd3 19. Rxd3 Rd8 20. Qe4 Rxd3 21. cxd3 c6 22. Be3 a6 23. d4 Bd6 24. b3 Qd5 25. f3 Qxe4+ 26. fxe4 exd4 27. cxd4 Bg3 28. h5 Kf7 29. Kc2 Ke6 30. Kd3 b5 31. a4 Bd6 32. Bc1 Be7 33. h6 g6 34. Bf4 Bf8 35. g5 fxg5 36. Bxg5 Bd6 37. Ke3 Ba3 38. Bd8 Bc1+ 39. Kf3 Bxh6 40. Kg4 Be3 41. Bb6 Bd2 42. Kf3 h5 43. Bc7 g5 44. Kg3 g4 45. Kh4 Be3 46. Be5 1-0


[Site "https://www.chess.com"]